 Dungeon Crawl Stone Soup version 0.23.2-1-ga50397a (webtiles) character file.

Game seed: 16681970252039885339

116 wilfster70 the Gusty (level 4, -1/33 HPs)
             Began as a Draconian Air Elementalist on May 16, 2019.
             Killed from afar by Sigmund (4 damage)
             ... with a magic dart
             ... on level 3 of the Dungeon.
             The game lasted 00:10:46 (3034 turns).

wilfster70 the Gusty (Draconian Air Elementalist)   Turns: 3034, Time: 00:10:47

Health: -1/33      AC:  5    Str: 10    XL:     4   Next: 69%
Magic:  8/8        EV: 12    Int: 16    God:
Gold:   113        SH:  0    Dex: 12    Spells: 6/9 levels left

rFire    . . .     SeeInvis .   a - +1 short sword
rCold    . . .     Gourm    .   (no shield)
rNeg     . . .     Faith    .   (armour unavailable)
rPois    .         Spirit   .   (helmet restricted)
rElec    .         Reflect  .   (no cloak)
rCorr    .         Harm     .   (no gloves)
MR       .....                  (no boots)
Stlth    ++........             (no amulet)
HPRegen  0.11/turn              (no ring)
MPRegen  0.11/turn              (no ring)

@: no status effects
A: unfitting armour, cold-blooded, AC +5
a: no special abilities


You were on level 3 of the Dungeon.
You were hungry.

You visited 1 branch of the dungeon, and saw 3 of its levels.

You collected 113 gold pieces.

Inventory:

Hand Weapons
 a - a +1 short sword (weapon)
Missiles
 f - 81 stones (quivered)
 g - 21 sling bullets
Scrolls
 h - 4 scrolls of identify
 k - a scroll of fog
Comestibles
 b - 2 rations
 m - 3 chunks of flesh


   Skills:
 - Level 1.7 Dodging
 - Level 1.7 Stealth
 + Level 3.0 Spellcasting
 + Level 2.7 Conjurations
 + Level 4.0 Air Magic


You had 6 spell levels left.
You knew the following spells:

 Your Spells              Type           Power        Failure   Level  Hunger
a - Shock                 Conj/Air       ##..         4%          1    #......
g - Swiftness             Chrm/Air       #.......     12%         2    ##.....

Your spell library contained the following spells:

 Spells                   Type           Power        Failure   Level  Hunger
 Static Discharge         Conj/Air       ##......     14%         3    ###....
 Airstrike                Air            ###.......   34%         4    #####..
 Lightning Bolt           Conj/Air       ##........   78%         5    ######.


Dungeon Overview and Level Annotations

Branches:
Dungeon (3/15)

Altars:
Dithmenos

Annotations:
D:3 Sigmund


Innate Abilities, Weirdness & Mutations

Your plain brown scales are hard. (AC +5)
You cannot fit into any form of body armour.
You are cold-blooded and may be slowed by cold attacks.


Message History

* * * LOW HITPOINT WARNING * * *
An adder comes into view.
The adder moves out of view.
A kobold comes into view.
You are feeling hungry.
You are confused.
You're too confused to move!
Something hits you!
* * * LOW HITPOINT WARNING * * *
It was a potion of curing.
You feel better. Something hits you.
* * * LOW HITPOINT WARNING * * *
Sigmund appears from thin air!
Reactivating autopickup.
Sigmund casts a spell at you. The magic dart hits you.
* * * LOW HITPOINT WARNING * * *
Sigmund gestures at you while chanting. The magic dart hits you.
You die...

#............#.#.^....#.#
#.(......#.#.#.#...#..#.#
#........#.#..........#.#
####.#####.###.#.....##.#
#.# #.# #.########.#
#.#####.# #.# #.######
#.......# #.# #......#
###########.# #####.##
#.@....@.# #.# #.########
#.# ### #.# ######### #.#
.%# ####.##### #<......#
#.# #.# #...@....#
#######.# #.# #.#
#........# #.# #.#
#.#####........# #.# #.#
......#........# #.# #.#
......#........#
#.#####.#


You could see Sigmund.

Vanquished Creatures
  5 adders (D:2)
  A worm (D:2)
  5 dart slugs
  3 giant cockroaches
  8 goblins
  3 hobgoblins (D:1)
  3 jackals (D:2)
  A quokka (D:2)
  A ball python (D:1)
  8 bats
  15 frilled lizards
  9 kobolds
  3 rats
65 creatures vanquished.

Notes
Turn   | Place    | Note
-------+----------+-------------------------------------------
     0 | D:1      | wilfster70 the Draconian Air Elementalist began the quest
                  | for the Orb.
     0 | D:1      | Reached XP level 1. HP: 14/14 MP: 3/3
   388 | D:1      | Reached XP level 2. HP: 20/20 MP: 1/5
   434 | D:1      | Learned a level 2 spell: Swiftness
   922 | D:1      | Reached XP level 3. HP: 26/26 MP: 2/6
  2013 | D:2      | Reached XP level 4. HP: 33/33 MP: 4/8
  2431 | D:2      | Found a shadowy altar of Dithmenos.
  2727 | D:2      | Reached skill level 4 in Air Magic
  2919 | D:3      | Noticed Sigmund
  3034 | D:3      | Killed from afar by Sigmund

Skill      XL: |  1  2  3  4 |
---------------+-------------+-----
Conjurations   | 2 |  2.7
Spellcasting   | 3 |  3.0
Air Magic      | 4 |  4.0
Dodging        | |  1.7
Stealth        | |  1.7

Action                   |  1- 3 |  4- 6 || total
-------------------------+-------+-------++-------
Melee: Unarmed           |    20 |       ||    20
       Tailslap          |     2 |     1 ||     3
       Short sword       |    33 |    19 ||    52
 Cast: Shock             |    66 |    43 ||   109
  Use: Potion            |     1 |     1 ||     2
       Scroll            |       |     6 ||     6
 Stab: Sleeping          |     2 |       ||     2
  Eat: Chunk             |     4 |     3 ||     7
Armor: Skin              |    19 |    19 ||    38
Dodge: Dodged            |    69 |    28 ||    97
